BSA
VISTA PANTHERS @ MAUI TROPICS
05/08/2026
 
TOP OF THE 1ST
Vista Panthers batting - Pitching for Maui Tropics : LHP Kent Robinson
Pitching: LHP Kent Robinson
Batting: RHB Eugenio Lucero 0-0: Ground out 4-3 (Groundball, 4)
Batting: RHB Roberto Cruz 0-0: Ball
1-0: Ball
2-0: Ball
3-0: Base on Balls
Batting: RHB Salvador Salas 0-0: Swinging Strike
0-1: SINGLE (Line Drive, 9LS)
Roberto Cruz to second
Batting: RHB John Mendelson 0-0: Fly out, F1 (Popup, 23)
Batting: RHB Javier Deleón 0-0: Fly out, F8 (Flyball, 78S)
Top of the 1st over - 0 run(s), 1 hit(s), 0 error(s), 2 left on base; Vista 0 - Maui 0
BOTTOM OF THE 1ST
Maui Tropics batting - Pitching for Vista Panthers : RHP Enrique Aguilera
Pitching: RHP Enrique Aguilera
Batting: RHB Matt Silver 0-0: Ball
1-0: Ball
2-0: Called Strike
2-1: Ball
3-1: Fly out, F8 (Flyball, 8LXD)
Batting: RHB José Rodríguez 0-0: Called Strike
0-1: Ball
1-1: Swinging Strike
1-2: Foul Ball, location: 2F
1-2: Strikes out swinging, 2-3 out at first.
Batting: LHB Luis Antonio Torres 0-0: Ball
1-0: Ball
2-0: Called Strike
2-1: SINGLE (Groundball, 56)
Batting: RHB Jesús Espinoza 0-0: Called Strike
0-1: Ball
1-1: Swinging Strike
1-2: Fly out, F9 (Popup, 89M)
Bottom of the 1st over - 0 run(s), 1 hit(s), 0 error(s), 1 left on base; Vista 0 - Maui 0
TOP OF THE 2ND
Vista Panthers batting - Pitching for Maui Tropics : LHP Kent Robinson
Batting: SHB Mark Wells 0-0: Ball
1-0: Fly out, F9 (Flyball, 9D)
Batting: RHB Phil Matthews 0-0: Ground out 5-3 (Groundball, 5L)
Batting: LHB Bob Cunningham 0-0: Ball
1-0: Ball
2-0: Foul Ball, location: 2F
2-1: Foul Ball, location: 2F
2-2: Foul Ball, location: 2F
2-2: SINGLE (Line Drive, 34D)
Batting: RHB Cisco Gatán 0-0: Ball
1-0: Called Strike
1-1: Reached on error, E5 (Groundball, 56)
Bob Cunningham to second
Batting: RHB Eugenio Lucero 0-0: Ball
1-0: Ground out 6-3 (Groundball, 6)
Top of the 2nd over - 0 run(s), 1 hit(s), 1 error(s), 2 left on base; Vista 0 - Maui 0
BOTTOM OF THE 2ND
Maui Tropics batting - Pitching for Vista Panthers : RHP Enrique Aguilera
Batting: LHB Anacleto Morillo 0-0: Foul Ball, location: 2F
0-1: Fly out, F7 (Flyball, 78D)
Batting: RHB Luis Alou 0-0: Foul Ball, location: 2F
0-1: Ball
1-1: Ball
2-1: Swinging Strike
2-2: Ball
3-2: Strikes out swinging
Batting: LHB Henry Huffman 0-0: Ball
1-0: Called Strike
1-1: Called Strike
1-2: Ball
2-2: Strikes out swinging
Bottom of the 2nd over - 0 run(s), 0 hit(s), 0 error(s), 0 left on base; Vista 0 - Maui 0
TOP OF THE 3RD
Vista Panthers batting - Pitching for Maui Tropics : LHP Kent Robinson
Batting: RHB Roberto Cruz 0-0: Fly out, F4 (Line Drive, 4M)
Batting: RHB Salvador Salas 0-0: Ball
1-0: Called Strike
1-1: Called Strike
1-2: Ground out 5-3 (Groundball, 5S)
Batting: RHB John Mendelson 0-0: Called Strike
0-1: Called Strike
0-2: Ball
1-2: Ball
2-2: Ground out 6-3 (Groundball, 6M)
Top of the 3rd over - 0 run(s), 0 hit(s), 0 error(s), 0 left on base; Vista 0 - Maui 0
BOTTOM OF THE 3RD
Maui Tropics batting - Pitching for Vista Panthers : RHP Enrique Aguilera
Batting: RHB Michael Woodruff 0-0: Foul Ball, location: 2F
0-1: Foul Ball, location: 2F
0-2: Strikes out looking
Batting: RHB Eugene Gill 0-0: Foul Ball, location: 2F
0-1: Called Strike
0-2: Ball
1-2: Foul Ball, location: 2F
1-2: Strikes out swinging
Batting: RHB Matt Silver 0-0: Fly out, F3 (Line Drive, 34)
Bottom of the 3rd over - 0 run(s), 0 hit(s), 0 error(s), 0 left on base; Vista 0 - Maui 0
TOP OF THE 4TH
Vista Panthers batting - Pitching for Maui Tropics : LHP Kent Robinson
Batting: RHB Javier Deleón 0-0: Called Strike
0-1: Swinging Strike
0-2: Ball
1-2: Foul Ball, location: 2F
1-2: Ball
2-2: Ball
3-2: DOUBLE (Line Drive, 5D)
Batting: SHB Mark Wells 0-0: Foul Ball, location: 2F
0-1: Called Strike
0-2: Strikes out looking
Batting: RHB Phil Matthews 0-0: Ground out 5-3 (Groundball, 56)
Batting: LHB Bob Cunningham 0-0: Ball
1-0: Called Strike
1-1: Swinging Strike
1-2: Strikes out swinging
Top of the 4th over - 0 run(s), 1 hit(s), 0 error(s), 1 left on base; Vista 0 - Maui 0
BOTTOM OF THE 4TH
Maui Tropics batting - Pitching for Vista Panthers : RHP Enrique Aguilera
Batting: RHB José Rodríguez 0-0: Foul Ball, location: 2F
0-1: Foul Ball, location: 2F
0-2: Ball
1-2: Foul Ball, location: 2F
1-2: Reached on error, E5 (Groundball, 5S)
Batting: LHB Luis Antonio Torres 0-0: Fly out, F8 (Flyball, 8LD)
Runner from 2nd tags up, SAFE at 3rd, no throw
Batting: RHB Jesús Espinoza 0-0: Swinging Strike
0-1: Swinging Strike
0-2: Fly out, F7 (Line Drive, 7S)
Batting: LHB Anacleto Morillo 0-0: Ball
1-0: Ball
2-0: Ball
3-0: Called Strike
3-1: SINGLE (Line Drive, 34D)
José Rodríguez scores
Batting: RHB Luis Alou 0-0: Ball
1-0: Ball
2-0: Ground out 5-3 (Groundball, 5)
Bottom of the 4th over - 1 run(s), 1 hit(s), 1 error(s), 1 left on base; Vista 0 - Maui 1
TOP OF THE 5TH
Vista Panthers batting - Pitching for Maui Tropics : LHP Kent Robinson
Batting: RHB Cisco Gatán 0-0: Foul Ball, location: 2F
0-1: Swinging Strike
0-2: Ball
1-2: Fly out, F4 (Popup, 34D)
Batting: RHB Eugenio Lucero 0-0: Called Strike
0-1: SINGLE (Groundball, 56) (infield hit)
Batting: RHB Roberto Cruz 0-0: Ball
1-0: Ball
2-0: Ball
3-0: Called Strike
3-1: Called Strike
3-2: SINGLE (Flyball, 8RS)
Eugenio Lucero to second
Eugenio Lucero to third
Batting: RHB Salvador Salas 0-0: Called Strike
0-1: Ball
1-1: Ball
2-1: Foul Ball, location: 2F
2-2: Ball
3-2: Strikes out swinging
Batting: RHB John Mendelson 0-0: Foul Ball, location: 2F
0-1: Swinging Strike
0-2: Ball
1-2: SINGLE (Groundball, 6MD)
Eugenio Lucero scores
Roberto Cruz to second
Batting: RHB Javier Deleón 0-0: Swinging Strike
0-1: Ball
1-1: Swinging Strike
1-2: Ball
2-2: Foul Ball, location: 2F
2-2: Ball
3-2: Foul Ball, location: 2F
3-2: Base on Balls
Roberto Cruz to third
John Mendelson to second
Batting: SHB Mark Wells 0-0: Ball
1-0: Ball
2-0: Called Strike
2-1: Fly out, F7 (Flyball, 7LD)
Top of the 5th over - 1 run(s), 3 hit(s), 0 error(s), 3 left on base; Vista 1 - Maui 1
BOTTOM OF THE 5TH
Maui Tropics batting - Pitching for Vista Panthers : RHP Enrique Aguilera
Batting: LHB Henry Huffman 0-0: DOUBLE (Line Drive, 9LS)
Batting: RHB Michael Woodruff 0-0: Foul Ball, location: 2F
0-1: Ball
1-1: Called Strike
1-2: Ball
2-2: Ball
3-2: Fly out, F9 (Flyball, 9LMF)
Batting: RHB Eugene Gill 0-0: Ball
1-0: Called Strike
1-1: Ball
2-1: Fly out, F8 (Flyball, 8RM)
Batting: RHB Matt Silver 0-0: Called Strike
0-1: SINGLE (Groundball, 56D)
Henry Huffman to third
Runner from 3rd tries for Home, SAFE, no throw or cutoff
Batting: RHB José Rodríguez 0-0: Fly out, F8 (Flyball, 8RXD)
Bottom of the 5th over - 1 run(s), 2 hit(s), 0 error(s), 1 left on base; Vista 1 - Maui 2
TOP OF THE 6TH
Vista Panthers batting - Pitching for Maui Tropics : LHP Kent Robinson
Batting: RHB Phil Matthews 0-0: Ball
1-0: Ball
2-0: Ball
3-0: Called Strike
3-1: Called Strike
3-2: SINGLE (Line Drive, 6MD)
Batting: LHB Bob Cunningham 0-0: Foul Ball, location: 2F
0-1: Ball
1-1: Ball
2-1: Foul Ball, location: 2F
2-2: Ball
3-2: Strikes out swinging
Batting: RHB Cisco Gatán 0-0: Swinging Strike
0-1: Fly out, F6 (Line Drive, 6)
Batting: RHB Eugenio Lucero 0-0: Called Strike
0-1: Ground out 4-3 (Groundball, 4S)
Top of the 6th over - 0 run(s), 1 hit(s), 0 error(s), 1 left on base; Vista 1 - Maui 2
BOTTOM OF THE 6TH
Maui Tropics batting - Pitching for Vista Panthers : RHP Enrique Aguilera
Batting: LHB Luis Antonio Torres 0-0: Called Strike
0-1: Ball
1-1: Foul Ball, location: 2F
1-2: Ball
2-2: Foul Ball, location: 2F
2-2: Ball
3-2: Base on Balls
Batting: RHB Jesús Espinoza 0-0: Foul Ball, location: 2F
0-1: Grounds into double play, 6-4-3 (Groundball, 6M)
Batting: LHB Anacleto Morillo 0-0: Ball
1-0: Foul Ball, location: 2F
1-1: Fly out, F8 (Flyball, 8RXD)
Bottom of the 6th over - 0 run(s), 0 hit(s), 0 error(s), 0 left on base; Vista 1 - Maui 2
TOP OF THE 7TH
Vista Panthers batting - Pitching for Maui Tropics : LHP Kent Robinson
Pitching: RHP Yong-taek Yi
Batting: RHB Roberto Cruz 0-0: Ground out 1-3 (Groundball, 13S)
Batting: RHB Salvador Salas 0-0: Called Strike
0-1: Ball
1-1: Foul Ball, location: 2F
1-2: Strikes out swinging
Batting: RHB John Mendelson 0-0: Ball
1-0: Ball
2-0: Foul Ball, location: 2F
2-1: Swinging Strike
2-2: Foul Ball, location: 2F
2-2: Strikes out swinging
Top of the 7th over - 0 run(s), 0 hit(s), 0 error(s), 0 left on base; Vista 1 - Maui 2
BOTTOM OF THE 7TH
Maui Tropics batting - Pitching for Vista Panthers : RHP Enrique Aguilera
Batting: RHB Luis Alou 0-0: Called Strike
0-1: Called Strike
0-2: Ball
1-2: Fly out, F7 (Line Drive, 7D)
Batting: LHB Henry Huffman 0-0: Foul Ball, location: 2F
0-1: Ball
1-1: Ball
2-1: Ball
3-1: Base on Balls
Batting: RHB Michael Woodruff 0-0: Foul Ball, location: 2F
0-1: Ball
1-1: Ball
2-1: Ball
3-1: Fly out, F8 (Flyball, 78D)
Pinch Hitting: RHB José Herrera 0-0: SINGLE (Groundball, 6MD)
Henry Huffman to second
Batting: RHB Matt Silver 0-0: Called Strike
0-1: Called Strike
0-2: Ball
1-2: DOUBLE (Line Drive, 78XD)
Henry Huffman scores
José Herrera to third
Runner from 3rd tries for Home, SAFE, no throw or cutoff
Pitching: RHP José Betancourt
Batting: RHB José Rodríguez 0-0: Ball
1-0: Called Strike
1-1: Ball
2-1: Ball
3-1: Foul Ball, location: 2F
3-2: Fly out, F7 (Flyball, 78M)
Bottom of the 7th over - 2 run(s), 2 hit(s), 0 error(s), 1 left on base; Vista 1 - Maui 4
TOP OF THE 8TH
Vista Panthers batting - Pitching for Maui Tropics : RHP Yong-taek Yi
Now at 2B: Javier Espinoza
Batting: RHB Javier Deleón 0-0: Called Strike
0-1: Ball
1-1: Called Strike
1-2: Ground out 6-3 (Groundball, 6)
Batting: SHB Mark Wells 0-0: Ball
1-0: Ball
2-0: Swinging Strike
2-1: Ball
3-1: Called Strike
3-2: Strikes out looking
Batting: RHB Phil Matthews 0-0: Ball
1-0: Ball
2-0: Called Strike
2-1: Ground out 6-3 (Groundball, 6M)
Top of the 8th over - 0 run(s), 0 hit(s), 0 error(s), 0 left on base; Vista 1 - Maui 4
BOTTOM OF THE 8TH
Maui Tropics batting - Pitching for Vista Panthers : RHP José Betancourt
Batting: LHB Luis Antonio Torres 0-0: Swinging Strike
0-1: Ball
1-1: Ball
2-1: Ball
3-1: Ground out 4-3 (Groundball, 4)
Batting: RHB Jesús Espinoza 0-0: Ball
1-0: Ball
2-0: Ball
3-0: Ground out 6-3 (Groundball, 6)
Batting: LHB Anacleto Morillo 0-0: Ball
1-0: Foul Ball, location: 2F
1-1: Called Strike
1-2: Ball
2-2: DOUBLE (Flyball, 7LS)
Batting: RHB Luis Alou 0-0: Called Strike
0-1: Foul Ball, location: 2F
0-2: SINGLE (Line Drive, 6D)
Anacleto Morillo to third
Runner from 3rd tries for Home, SAFE, no throw or cutoff
Batting: LHB Henry Huffman Balk!
Luis Alou to second
0-0: Ball
1-0: Called Strike
1-1: Foul Ball, location: 2F
1-2: Ball
2-2: Strikes out swinging
Bottom of the 8th over - 1 run(s), 2 hit(s), 0 error(s), 1 left on base; Vista 1 - Maui 5
TOP OF THE 9TH
Vista Panthers batting - Pitching for Maui Tropics : RHP Yong-taek Yi
Batting: LHB Bob Cunningham 0-0: Ball
1-0: Swinging Strike
1-1: Foul Ball, location: 2F
1-2: Strikes out swinging
Batting: RHB Cisco Gatán 0-0: Swinging Strike
0-1: Ball
1-1: Ball
2-1: Swinging Strike
2-2: Ball
3-2: Foul Ball, location: 2F
3-2: Foul Ball, location: 2F
3-2: Strikes out swinging
Pitching: RHP Junior Mateo
Batting: RHB Eugenio Lucero 0-0: Ball
1-0: Ground out 6-3 (Groundball, 6)
Top of the 9th over - 0 run(s), 0 hit(s), 0 error(s), 0 left on base; Vista 1 - Maui 5
Monday, December 5th, 2016 - OOTP Baseball 17.12 Build 75